 Dungeon Crawl Stone Soup version 0.32-a0-900-g30fb1b0edc (webtiles) character file.

Game seed: 16617619434749771896

182 bronco the Grave Robber (level 5, 0/38 HPs)
             Began as a Mountain Dwarf Necromancer on Apr 5, 2024.
             Slain by Duvessa
             ... wielding a +0 short sword
              (7 damage)
             ... on level 4 of the Dungeon.
             The game lasted 00:09:14 (3371 turns).

bronco the Grave Robber (MDNe)                      Turns: 3371, Time: 00:09:15

Health: 0/38       AC:  9    Str: 10    XL:     5   Next: 35%
Magic:  0/7        EV:  9    Int: 24    God:
Gold:   110        SH:  5    Dex: 10    Spells: 2/7 levels left

rFire   . . .        w - +3 short sword
rCold   + . .        (no shield)
rNeg    . . .        x - +0 ring mail
rPois   .            (no helmet)
rElec   .            (no cloak)
rCorr   .            l - +2 pair of gloves
SInv    .            k - +0 pair of boots
Will    .....        f - amulet of reflection
Stlth   +            e - +6 ring of intelligence
HPRegen 0.26/turn    g - ring of protection from cold
MPRegen 0.10/turn

%: reflection
@: no status effects
A: runic magic, artefact enchanting
a: no special abilities


You were on level 4 of the Dungeon.
You visited 1 branch of the dungeon, and saw 4 of its levels.

You collected 110 gold pieces.

Inventory:

Hand Weapons
 c - a +0 short sword
 w - a +3 short sword (weapon)
Armour
 k - a +0 pair of boots (worn)
 l - a +2 pair of gloves (worn)
 x - a +0 ring mail (worn)
Jewellery
 e - a +6 ring of intelligence (left hand)
 f - an amulet of reflection (around neck)
 g - a ring of protection from cold (right hand)
Wands
 p - a wand of polymorph (6)
Scrolls
 j - 2 scrolls of amnesia
 o - a scroll of torment
Potions
 d - a potion of invisibility {unknown}
 h - a potion of degeneration {unknown}
 i - 2 potions of curing
 n - 3 potions of mutation
 q - a potion of resistance {unknown}
 r - a potion of enlightenment {unknown}
 s - a potion of cancellation {unknown}
 t - a potion of heal wounds {unknown}


   Skills:
 - Level 1.3 Dodging
 - Level 1.4 Stealth
 + Level 1.8 Spellcasting
 - Level 6.6 Necromancy
 - Level 2.6 Earth Magic


You had 2 spell levels left.
You knew the following spells:

 Your Spells              Type           Power      Damage    Failure   Level
a - Necrotise             Necr           100%       1d9       1%          1
b - Vampiric Draining     Necr           34%        2d8       3%          3
c - Sandblast             Erth           28%        2d8       5%          1

Your spell library contained the following spells:

 Spells                   Type           Power      Damage    Failure   Level
 Sting                    Conj/Alch      8%         1d3       16%         1
 Mercury Vapours          Alch/Air       4%         N/A       24%         2
 Animate Dead             Necr           34%        N/A       10%         4
 Passwall                 Erth           14%        N/A       16%         3
 Curse of Agony           Necr           34%        N/A       28%         5
 Swiftness                Air            2%         N/A       43%         3
 Teleport Other           Tloc           2%         N/A       43%         3
 Borgnjor's Vile Clutch   Necr/Erth      12%        N/A       54%         5
 Olgreb's Toxic Radiance  Alch           2%         N/A       83%         4
 Freezing Cloud           Conj/Ice/Air   1%         6-21      99%         5
 Dispersal                Tloc           1%         N/A       100%        6
 Gell's Gavotte           Tloc           1%         2d(11-17) 100%        6
 Plasma Beam              Fire/Air       1%         2x1d11    100%        6
 Maxwell's Capacitive Co  Air            1%         ∞         100%        8


Dungeon Overview and Level Annotations

Branches:
Dungeon (4/15)
 Temple: D:4-7

Altars:
Makhleb
Sif Muna

Annotations:
D:4 Dowan, Duvessa


Innate Abilities, Weirdness & Mutations

Your spellcasting is much less encumbered by armour.
You can use scrolls of enchantment on lesser artefacts.


Message History

Aim: Duvessa, wielding a +0 short sword and wearing a +0 ring mail of cold resistance (severely wounded, fast, 87% to hit)
The blast of sand hits Duvessa but does no damage.
Duvessa is severely wounded.
You block Duvessa's attack.
Dowan says, "Magic and the sword, together, will defeat you."
Dowan closely misses you. Duvessa barely misses you.
Dowan hits you with a +0 dagger of speed.
Unknown command.
Unknown command.
Aiming: Sandblast (safe; 5% risk of failure)
Press: ? - help, Q - select action, (/) - cycle Shift-Dir - straight line, f/p - Duvessa
Aim: Duvessa, wielding a +0 short sword and wearing a +0 ring mail of cold resistance (severely wounded, fast, 87% to hit)
The blast of sand misses Duvessa.
Duvessa hits you but does no damage. Dowan closely misses you.
You block Duvessa's attack. Dowan hits you but does no damage.
Duvessa barely misses you.
Unknown command.
You hit Duvessa but do no damage.
Duvessa is severely wounded.
Dowan's robes are whipped around by a magical breeze.
Dowan hits you with a +0 dagger of speed.
Duvessa closely misses you. Dowan closely misses you.
You barely miss Duvessa.
Duvessa is severely wounded.
Duvessa hits you with a +0 short sword.
* * * LOW HITPOINT WARNING * * *
Dowan hits you but does no damage. Duvessa hits you with a +0 short sword.
* * * LOW HITPOINT WARNING * * *
Casting: Sandblast (safe; 5% risk of failure)
Confirm with . or Enter, or press ? or * to list all spells.
Okay, then.
Casting: Sandblast (safe; 5% risk of failure)
Confirm with . or Enter, or press ? or * to list all spells.
Aiming: Sandblast (safe; 5% risk of failure)
Press: ? - help, Shift-Dir - straight line, f/p - Duvessa
Aim: Duvessa, wielding a +0 short sword and wearing a +0 ring mail of cold resistance (severely wounded, fast, 87% to hit)
The blast of sand hits Duvessa.
Duvessa is severely wounded.
You block Dowan's attack. Duvessa hits you with a +0 short sword!
You die...

#.....#
###.###
#.# #.#
#.# #.#
#.# #e#
#@#
#e..#
#....#
##...#
...#
#.## ##


You could see Duvessa (fast) and Dowan.

Vanquished Creatures
  A bombardier beetle (D:3)
  A hound (D:4)
  3 adders
  A shadow imp (D:3)
  2 ribbon worms (D:2)
  9 orcs
  6 endoplasms
  5 giant cockroaches
  6 goblins
  3 hobgoblins
  2 jackals (D:3)
  2 quokkas (D:3)
  3 ball pythons
  4 bats
  5 frilled lizards
  8 kobolds
  2 rats
63 creatures vanquished.

Vanquished Creatures (collateral kills)
  A dart slug (D:2)
  An endoplasm (D:2)
2 creatures vanquished.

Grand Total: 65 creatures vanquished

Notes
Turn   | Place    | Note
-------+----------+-------------------------------------------
     0 | D:1      | bronco the Mountain Dwarf Necromancer began the quest for
                  | the Orb.
     0 | D:1      | Reached XP level 1. HP: 14/14 MP: 3/3
   353 | D:1      | Reached XP level 2. HP: 20/20 MP: 2/4
   793 | D:2      | Reached skill level 5 in Necromancy
   874 | D:2      | Found a burning altar of Makhleb.
   974 | D:2      | Reached XP level 3. HP: 23/26 MP: 1/5
  1134 | D:2      | Learned a level 3 spell: Vampiric Draining
  1636 | D:3      | Reached skill level 6 in Necromancy
  1751 | D:3      | Identified a scroll of acquirement
  1751 | D:3      | Acquired the Compendium of Lapidarian Conduction
  1755 | D:3      | Learned a level 1 spell: Sandblast
  1810 | D:3      | Reached XP level 4. HP: 33/33 MP: 1/6
  2420 | D:3      | Found a shimmering blue altar of Sif Muna.
  2466 | D:3      | Reached skill level 1 in Earth Magic
  2480 | D:3      | Found a faded altar of an unknown god.
  2614 | D:3      | Reached XP level 5. HP: 38/38 MP: 1/7
  3344 | D:4      | Noticed Duvessa
  3344 | D:4      | Noticed Dowan
  3371 | D:4      | Slain by Duvessa

Illustrated notes

Levels and vault maps discovered:
D:1:      dpeg_arrival_houses_and_road, layout_loops_ring
D:2:      layout_rooms, basic_altar
D:3:      cheibrodos_pilgrimage, layout_loops_ring,
          nicolae_overflow_hidden_temple, basic_ecumenical_altar,
          kennysheep_generic_room_12
D:4:      layout_cave_pools, mainiacjoe_overflow_concentric_impassable,
          chequers_big_river, minmay_shop_grid_forest, uniq_sigmund, uniq_robin,
          uniq_duvessa, uniq_crazy_yiuf_cottage

Skill      XL: |  1  2  3  4  5 |
---------------+----------------+-----
Necromancy     | 5 6 |  6.6
Earth Magic    | 1 2 |  2.6
Dodging        | |  1.3
Stealth        | |  1.4
Spellcasting   | |  1.8

Action                     |  1- 3 |  4- 6 || total
---------------------------+-------+-------++-------
  Melee: Short sword       |    35 |    32 ||    67
   Cast: Necrotise         |    42 |    11 ||    53
         Sandblast         |     6 |    63 ||    69
         Vampiric Draining |     3 |     2 ||     5
    Use: Scroll            |     5 |     2 ||     7
         Potion            |       |     3 ||     3
   Stab: Sleeping          |     1 |       ||     1
 Armour: Robe              |     6 |       ||     6
         Leather armour    |    20 |    32 ||    52
         Ring mail         |       |    25 ||    25
  Dodge: Dodged            |    18 |    35 ||    53
  Block: Other             |     5 |    31 ||    36
         Reflection        |       |     1 ||     1

Table legend: (Time is in decaauts)
 A = Elapsed time spent in this place.
 B = Non-inter-level travel time spent in this place.
 C = Inter-level travel time spent in this place.
 D = Time resting spent in this place.
 E = Time spent auto-exploring this place.
 F = Levels seen in this place.
 G = Mean time per level.
                   A        B        C        D        E       F      G
               +--------+--------+--------+--------+--------+-----+--------+
         Total |   3403 |   3156 |    247 |    214 |   2328 |   4 |  850.8 |
       Dungeon |   3403 |   3156 |    247 |    214 |   2328 |   4 |  850.8 |
               +--------+--------+--------+--------+--------+-----+--------+

Top non-repeatable levels by time:
     D:3: 1412 daAuts
     D:2: 998 daAuts
     D:1: 790 daAuts
     D:4: 202 daAuts
